 Dungeon Crawl Stone Soup version 0.28-a0-1235-g7c8fac35f0 (webtiles) character file.

Game seed: 5391472577952946806

205372 enile the Peltast (level 17, -2/161 HPs)
             Began as a Minotaur Monk on Dec 24, 2021.
             Was an Initiate of Yredelemnul.
             Splashed with acid (16 damage)
             ... on level 1 of the Pits of Slime.
             The game lasted 02:18:56 (32314 turns).

enile the Peltast (Minotaur Monk)                  Turns: 32314, Time: 02:18:57

Health: -2/161     AC: 24    Str: 28 (33) XL:     17   Next: 54%
Magic:  21/21      EV:  8    Int:  9 (11) God:    Yredelemnul [......]
Gold:   2249       SH: 24    Dex:  4 (9)  Spells: 16/16 levels left

rFire   . . .      SeeInvis .   l - +3 rapier "Favugh" {venom, rPois Str+3 Int+4}
rCold   + . .      Faith    .   A - +2 tower shield
rNeg    + . .      Spirit   .   G - +3 chain mail
rPois   +          Reflect  +   a - +2 hat {Will+}
rElec   .          Harm     .   n - +0 cloak
rCorr   .          Rampage  .   t - +0 pair of gloves
Will    ++...                   u - +2 pair of boots
Stlth   +.........              F - amulet of Ximulop {Reflect Regen+ SH+5}
HPRegen 1.16/turn               S - +4 ring of protection
MPRegen 0.17/turn               D - ring "Onogu" {rPois rC+ rN+ Str+4 Dex-4 Stlth+}

@: studying 3 skills, unable to read
A: horns 2, retaliatory headbutt, deformed body, low mp 1, strong 1, inability
to read while threatened
}: 2/15 runes: decaying, gossamer
a: Renounce Religion, Recall Undead Harvest


You were on level 1 of the Pits of Slime.
You worshipped Yredelemnul.
Yredelemnul was aware of your devotion.
You visited 6 branches of the dungeon, and saw 28 of its levels.

You collected 3862 gold pieces.
You spent 1613 gold pieces at shops.

Inventory:

Hand Weapons
 f - a +4 quarterstaff of chaos
 l - the +3 rapier "Favugh" (weapon) {venom, rPois Str+3 Int+4}
   (You bought it in a shop on level 5 of the Dungeon)

   It poisons the flesh of those it strikes.
   Str:       It affects your strength (+3).
   Int:       It affects your intelligence (+4).
   rPois:     It protects you from poison.
 I - a +4 spectral scimitar
 M - the +5 trident of Kesud {freeze, rF+ Int+2 Dex-2}
   (You found it on level 1 of the Swamp)

   It freezes those it strikes, dealing additional cold damage.
   It can also slow down cold-blooded creatures.
   Int:       It affects your intelligence (+2).
   Dex:       It affects your dexterity (-2).
   rF:        It protects you from fire.
Missiles
 x - 89 poisoned darts (quivered)
Armour
 a - a +2 hat of willpower (worn)
 n - a +0 cloak (worn)
 t - a +0 pair of gloves (worn)
 u - a +2 pair of boots (worn)
 A - a +2 tower shield (worn)
 G - a +3 chain mail (worn)
Jewellery
 d - a ring of magical power
 e - the amulet "Ohoepn" {Acrobat Int+5 Slay+2}
   (You acquired it on level 8 of the Dungeon)

   [amulet of the acrobat]

   It increases your evasion while moving and waiting.
   Int:       It affects your intelligence (+5).
   Slay:      It affects your accuracy & damage with ranged weapons and melee
   (+2).
 i - a +6 ring of intelligence
 v - a +4 ring of protection
 D - the ring "Onogu" (right hand) {rPois rC+ rN+ Str+4 Dex-4 Stlth+}
   (You bought it in a shop on level 2 of the Orcish Mines)

   [ring of poison resistance]

   Str:       It affects your strength (+4).
   Dex:       It affects your dexterity (-4).
   rC:        It protects you from cold.
   rPois:     It protects you from poison.
   rN:        It protects you from negative energy.
   Stlth:     It makes you more stealthy.
 F - the amulet of Ximulop (around neck) {Reflect Regen+ SH+5}
   (You found it on level 1 of the Lair of Beasts)

   [amulet of reflection]

   It reflects blocked missile attacks.
   Regen:     It increases your rate of health regeneration.
   SH:        It affects your SH (+5).
 O - a ring of ice
 S - a +4 ring of protection (left hand)
Wands
 o - a wand of flame (7)
 C - a wand of digging (1)
 E - a wand of charming (4)
 J - a wand of polymorph (5)
 V - a wand of iceblast (4)
Scrolls
 g - 3 scrolls of teleportation
 h - 9 scrolls of enchant weapon
 j - a scroll of magic mapping
 k - a scroll of silence
 m - 3 scrolls of amnesia
 p - 5 scrolls of fog
 K - a scroll of fear
 R - 7 scrolls of vulnerability
 T - 6 scrolls of noise
 Y - 4 scrolls of immolation
 Z - 11 scrolls of identify
Potions
 b - 2 potions of haste
 c - a potion of berserk rage
 q - a potion of magic
 r - 6 potions of curing
 s - 2 potions of degeneration
 w - a potion of invisibility
 z - a potion of resistance
 H - 6 potions of brilliance
 L - 3 potions of ambrosia
 P - 2 potions of attraction
 Q - a potion of might
 U - 3 potions of heal wounds
Miscellaneous
 y - a phantom mirror (inert)
 N - a condenser vane (inert)
 W - a lightning rod (2/4)
 X - a tin of tremorstones (1/2)


   Skills:
 - Level 17.0 Fighting
 + Level 10.7(11.5) Short Blades
 - Level 7.4(10.5) Long Blades
 - Level 3.1(5.0) Maces & Flails
 - Level 6.0(6.3) Staves
 - Level 14.0 Throwing
 - Level 14.0 Armour
 - Level 3.2 Dodging
 - Level 7.0 Stealth
 - Level 18.0 Shields
 - Level 3.0 Unarmed Combat
 - Level 11.0 Invocations
 - Level 12.0 Evocations


You had 16 spell levels left.
You didn't know any spells.
Your spell library contained the following spells:

 Spells                   Type           Power      Damage    Failure   Level
 Foxfire                  Conj/Fire      0%         2x1d4     98%         1
 Magic Dart               Conj           0%         1d3       98%         1
 Slow                     Hex            0%         N/A       98%         1
 Summon Small Mammal      Summ           0%         N/A       98%         1
 Call Imp                 Summ           0%         N/A       99%         2
 Corpse Rot               Necr/Air       0%         N/A       99%         2
 Scorch                   Fire           0%         2d5       99%         2
 Searing Ray              Conj           0%         2d4       99%         2
 Call Canine Familiar     Summ           0%         N/A       100%        3
 Confusing Touch          Hex            0%         N/A       100%        3
 Conjure Flame            Conj/Fire      0%         6-21      100%        3
 Gell's Gravitas          Tloc           0%         N/A       100%        3
 Ignite Poison            Fire/Tmut/Pois 0%         N/A       100%        3
 Inner Flame              Hex/Fire       0%         N/A       100%        3
 Mephitic Cloud           Conj/Pois/Air  0%         N/A       100%        3
 Summon Guardian Golem    Hex/Summ       0%         N/A       100%        3
 Teleport Other           Tloc           0%         N/A       100%        3
 Vampiric Draining        Necr           0%         2d6       100%        3
 Cause Fear               Hex            0%         N/A       100%        4
 Flame Wave               Conj/Fire      0%         2d4       100%        4
 Fulminant Prism          Conj/Hex       0%         3d6       100%        4
 Leda's Liquefaction      Hex/Erth       0%         N/A       100%        4
 Olgreb's Toxic Radiance  Pois           0%         N/A       100%        4
 Passage of Golubria      Tloc           0%         N/A       100%        4
 Blade Hands              Tmut           0%         N/A       100%        5
 Irradiate                Conj/Tmut      0%         3d14      100%        5
 Lee's Rapid Deconstruct  Erth           0%         3d5*      100%        5
 Silence                  Hex/Air        0%         N/A       100%        5
 Dispersal                Tloc           0%         N/A       100%        6
 Statue Form              Tmut/Erth      0%         N/A       100%        6
 Summon Cactus Giant      Summ           0%         N/A       100%        6
 Dragon Form              Tmut           0%         N/A       100%        7
 Ozocubu's Refrigeration  Ice            0%         4d5       100%        7
 Ignition                 Fire           0%         3d3       100%        8
 Lehudib's Crystal Spear  Conj/Erth      0%         10d2      100%        8
 Dragon's Call            Summ           0%         N/A       100%        9


Dungeon Overview and Level Annotations

Branches:
Dungeon (10/15)            Temple (0/1) D:4            Lair (6/6) D:10
  Swamp (4/4) Lair:3       Spider (4/4) Lair:4        Slime (2/5) Lair:5
    Orc (2/2) D:9             Elf (0/3) Orc:2

Altars:
Ashenzari
Hepliaklqana
Makhleb
Nemelex Xobeh
Trog
Vehumet
Xom
Yredelemnul
Jiyva

Shops:
D:5 (   D:6 [   Orc:2 :*==!

Portals:
Hell: Lair:6

Annotations:
D:2 exclusion: zombie
D:10 1 transporter, exclusion: centaur warrior, ytrimaz's ghost, journeyman OpTm


Innate Abilities, Weirdness & Mutations

You have a pair of horns on your head.
You reflexively headbutt those who attack you in melee.
Armour fits poorly on your strangely shaped body.
Your magical capacity is low. (-10% MP)
Your muscles are strong. (Str +2)
You sometimes lose the ability to read scrolls when taking damage.


Message History

You block the quicksilver ooze's attack.
Okay, then.
Okay, then.
Aiming: Charm
Press: ? - help, Shift-Dir - straight line, f/p - quicksilver ooze
Aim: a quicksilver ooze (severely wounded, very poisoned, ally target, infinite will)
Okay, then.
You feel much better.
You are splashed with acid!
* * * LOW HITPOINT WARNING * * *
Your quicksilver ooze hits the quicksilver ooze!
Your quicksilver ooze hits the quicksilver ooze but does no damage.
You block the quicksilver ooze's attack. x2
The large slime creature closely misses your quicksilver ooze.
You feel much better.
You are splashed with acid!!
* * * LOW HITPOINT WARNING * * *
You kill the quicksilver ooze!
Your quicksilver ooze barely misses the large slime creature.
Your quicksilver ooze hits the large slime creature!
Your quicksilver ooze barely misses the large slime creature.
Your quicksilver ooze hits the large slime creature.
The large slime creature hits your quicksilver ooze!!!
Your quicksilver ooze dies!
Your quicksilver ooze shimmers and vanishes!
Throw: 2 darts (curare)
Press: ? - help, Q - select action, (/) - cycle Shift-Dir - straight line, f - large slime creature
Aim: a large slime creature (lightly wounded, 86% to hit)
You throw a curare-tipped dart.
The curare-tipped dart hits the large slime creature.
The large slime creature is lightly wounded.
You are splashed with acid!!
* * * LOW HITPOINT WARNING * * *
Throw: dart (curare)
Press: ? - help, Q - select action, (/) - cycle Shift-Dir - straight line, f/p - large slime creature
Aim: a large slime creature (lightly wounded, 86% to hit)
You throw a curare-tipped dart.
The curare-tipped dart hits the large slime creature.
The large slime creature is lightly wounded.
You are splashed with acid!
You die...
Your body rises from the dead as a mindless zombie.

.. ... ...##
..#.. ......
......###
...(....###
(.........##
......J..@.#
.....J###.##
...... ...#
..... ##.##
..J.. ...
.... #.#
.... ###


You could see a large slime creature and a slime creature.

Vanquished Creatures
  Bai Suzhen (Spider:4)
  A thorn hunter (Swamp:1)
  An azure jelly (Swamp:4)
  A rockslime (Slime:1)
  An orc warlord (Orc:2)
  12 emperor scorpions
  3 ghost moths (Spider:4)
  A quicksilver ooze (Slime:1)
  An eleionoma (Swamp:3)
  A dire elephant (Lair:6)
  3 bunyips
  A spark wasp (Spider:3)
  Harold (D:7)
  3 ice dragons (Swamp:4)
  A hell beast (Lair:6)
  9 hydras
  7 two-headed ogres
  5 alligators
  2 orc high priests
  2 goliath frogs
  2 bunyip zombies
  A spriggan druid (Swamp:4)
  A spriggan rider (Swamp:3)
  2 bog bodies
  3 swamp dragons
  A deep troll (Orc:2)
  A wizard (Lair:6)
  2 orc knights (D:9)
  11 orb spiders
  2 orc sorcerers (Orc:1)
  26 wolf spiders
  2 cyclopes (Orc:2)
  A will-o-the-wisp (Swamp:4)
  A moth of wrath (Spider:2)
  4 elephants (Lair:6)
  3 orange demons (Lair:6)
  10 cane toads
  3 torpor snails
  2 black mambas
  5 demonic crawlers
  5 rime drakes
  8 komodo dragons
  A swamp worm zombie (Swamp:4)
  A freezing wraith (Swamp:4)
  A hydra zombie (Swamp:4)
  7 trolls (Orc:2)
  A tyrant leech (Swamp:2)
  Grinder (D:3)
  2 hornets
  29 jumping spiders
  2 polar bears
  29 blink frogs
  6 slime creatures (Slime:2)
  3 dream sheep (Lair:6)
  2 alligator zombies (Swamp:4)
  51 redbacks
  15 tarantellas
  6 wyverns
  A wraith (D:9)
  48 yaks
  4 fire bats (Lair:6)
  A steam dragon (D:8)
  A basilisk (Lair:4)
  An acid dragon (D:10)
  2 swamp worm simulacra (Swamp:4)
  5 swamp worms
  An orb spider zombie (Spider:4)
  3 wargs
  13 hydra simulacra (Swamp:4)
  13 water moccasins
  2 hell hounds (Lair:6)
  18 orc warriors
  2 sky beasts
  A blink frog zombie (Lair:1)
  A ghost crab zombie (Swamp:4)
  A black bear (D:5)
  An ice beast (D:7)
  15 ogres
  A swamp dragon zombie (Swamp:4)
  A centaur (D:10)
  3 necrophages
  A phantom (D:7)
  4 wolves
  A rime drake zombie (Lair:3)
  A kobold brigand (D:9)
  8 bullfrogs
  2 scorpions
  A water moccasin skeleton (D:5)
  5 killer bees
  12 wights
  A howler monkey (D:7)
  An electric eel (Spider:3)
  2 wolf zombies (Lair:2)
  3 hounds
  3 centaur zombies
  13 orc priests
  Crazy Yiuf (D:2)
  2 iguanas
  Terence (D:2)
  16 orc wizards
  A hound skeleton (D:5)
  Robin (D:2)
  2 adders
  An orc zombie (Orc:1)
  A white imp (D:7)
  An ufetubus (D:7)
  A swamp drake simulacrum (Swamp:4)
  A worm (D:3)
  A dart slug (D:2)
  50 orcs
  A bat (D:1)
  6 endoplasms
  3 giant cockroaches
  10 goblins
  9 hobgoblins
  16 kobolds
  4 quokkas
  7 ball pythons
  2 frilled lizards
  3 rats
648 creatures vanquished.

Vanquished Creatures (collateral kills)
  An eleionoma (Swamp:2)
  2 entropy weavers (Spider:3)
  2 bunyips
  A shambling mangrove (Swamp:2)
  8 hydras
  A ghost crab (Swamp:4)
  2 ogre magi (Orc:2)
  3 two-headed ogres
  3 alligators
  4 death yaks (Lair:2)
  A deep troll (Orc:2)
  2 spriggan druids
  A swamp dragon (Swamp:3)
  2 goliath frogs
  A spriggan rider (Swamp:1)
  4 bog bodies
  5 orb spiders
  An orc sorcerer (Orc:1)
  4 wolf spiders
  2 shining eyes (Slime:1)
  3 will-o-the-wisps
  4 black mambas
  2 torpor snails (Lair:6)
  5 cane toads
  4 rime drakes
  4 komodo dragons
  8 demonic crawlers
  3 freezing wraiths (Swamp:4)
  A swamp worm zombie (Swamp:4)
  An ice devil (Lair:6)
  A hellwing (Lair:6)
  A red devil (Lair:6)
  7 jumping spiders
  A polar bear (Lair:2)
  A troll (Orc:2)
  2 tyrant leeches
  4 slime creatures (Slime:2)
  3 hornets
  11 blink frogs
  33 redbacks
  14 tarantellas
  3 spriggans
  4 basilisks
  A fire bat (Lair:6)
  17 yaks
  5 vampire mosquitoes
  4 swamp worm simulacra (Swamp:4)
  6 swamp worms
  An acid dragon (D:10)
  2 hydra simulacra (Swamp:4)
  2 hell hounds (Lair:6)
  A dream sheep zombie (Lair:6)
  A black bear (Lair:4)
  2 orc warriors
  A sky beast (D:5)
  14 wolves
  12 ogres
  A bullfrog (Lair:2)
  3 killer bees (D:9)
  A wight (D:10)
  2 electric eels (Spider:1)
  2 bullfrog zombies
  3 orc priests
  3 orc wizards
  An adder (D:2)
  A swamp drake simulacrum (Swamp:4)
  10 orcs
  An endoplasm (D:2)
  5 goblins
  3 hobgoblins (D:2)
  2 jackals (D:2)
  2 kobolds (D:2)
  2 frilled lizards
  A rat (D:2)
  A bush (Lair:1)
283 creatures vanquished.

Vanquished Creatures (others)
  The ghost of Kystohoc the Thaumaturge, a journeyman GnFE of Vehumet (Swamp:1)
  A bunyip (Swamp:4)
  A spriggan rider (Swamp:4)
  7 wolf spider zombies
  A goliath frog zombie (Swamp:2)
  32 redback zombies
  5 demonic crawler zombies
  3 hydra zombies (Lair:6)
  2 bloated husks (Swamp:4)
  A hornet (Swamp:1)
  An ice dragon zombie (Swamp:4)
  11 jumping spider zombies
  7 tarantella zombies
  An alligator zombie (Swamp:4)
  A spriggan (Swamp:1)
  A redback (Spider:2)
  A spectral orange demon (Lair:6)
  3 black mamba zombies (Lair:6)
  A spriggan zombie (Swamp:4)
  A spectral ice devil (Lair:6)
  A bog body zombie (Swamp:1)
  4 spectral fire bats (Lair:6)
  2 spectral orb spiders
  3 two-headed ogre zombies
  2 cane toad zombies
  4 orb spider zombies (Spider:4)
  2 elephant zombies (Lair:6)
  2 hornet zombies (Swamp:1)
  8 blink frog zombies
  2 swamp dragon zombies
  A vampire mosquito zombie (Swamp:3)
  2 rime drake zombies (Lair:6)
  2 torpor snail zombies (Lair:6)
  A komodo dragon zombie (Lair:6)
  A wyvern zombie (D:10)
  A hell hound zombie (Lair:6)
  A warg zombie (Orc:2)
  7 water moccasin zombies
  2 polar bear zombies
  2 troll zombies (Orc:2)
  15 yak zombies
  6 wolf zombies
  A centaur zombie (D:10)
  2 bullfrog zombies
  A basilisk zombie (Lair:6)
  8 ogre zombies
  An acid dragon zombie (D:10)
  A killer bee zombie (D:9)
  A sky beast zombie (D:8)
  A hound zombie (D:6)
  A worm zombie (D:3)
  An electric eel zombie (Spider:1)
  3 adder zombies (D:2)
  An orc (Orc:1)
  A bat zombie (D:2)
  2 frilled lizard zombies
  2 giant cockroach zombies
  A goblin zombie (D:4)
  3 hobgoblin zombies
  2 jackal zombies (D:2)
  5 kobold zombies
  32 orc zombies
  2 quokka zombies
  2 rat zombies (D:3)
  A spectral ufetubus (D:7)
  A fire vortex (Lair:4)
  16 foxfires
  65 fungi
  71 plants
381 creatures vanquished.

Grand Total: 1312 creatures vanquished

Notes
Turn   | Place    | Note
-------+----------+-------------------------------------------
     0 | D:1      | enile the Minotaur Monk began the quest for the Orb.
     0 | D:1      | Reached XP level 1. HP: 19/19 MP: 0/0
   460 | D:1      | Reached XP level 2. HP: 24/28 MP: 1/1
  1072 | D:2      | Reached skill level 5 in Fighting
  1081 | D:2      | Found a basalt altar of Yredelemnul.
  1090 | D:2      | Became a worshipper of Yredelemnul the Dark
  1090 | D:2      | Reached * piety under Yredelemnul
  1090 | D:2      | Reached ** piety under Yredelemnul
  1099 | D:2      | Reached XP level 3. HP: 23/36 MP: 2/2
  1246 | D:2      | Noticed Robin
  1248 | D:2      | Reached skill level 1 in Armour
  1251 | D:2      | Reached *** piety under Yredelemnul
  1266 | D:2      | Killed Robin
  1270 | D:2      | Reached XP level 4. HP: 28/42 MP: 3/3
  1390 | D:2      | Found a runed translucent door.
  1391 | D:2      | Noticed Crazy Yiuf
  1416 | D:2      | Noticed a scorpion
  1440 | D:2      | Killed a scorpion
  1448 | D:2      | Reached XP level 5. HP: 41/48 MP: 3/5
  1577 | D:2      | Found a faded altar of an unknown god.
  1593 | D:2      | Noticed Terence
  1599 | D:2      | Killed Terence
  1957 | D:2      | Killed Crazy Yiuf
  2544 | D:3      | Found a hazy altar of Hepliaklqana.
  2654 | D:3      | Found a radiant altar of Vehumet.
  2654 | D:3      | Found a burning altar of Makhleb.
  2655 | D:3      | Found a sparkling altar of Nemelex Xobeh.
  2696 | D:3      | Noticed Grinder
  2697 | D:3      | Paralysed by Grinder for 2 turns
  2701 | D:3      | Paralysed by Grinder for 4 turns
  2742 | D:3      | Paralysed by Grinder for 3 turns
  2745 | D:3      | Killed Grinder
  2746 | D:3      | Reached XP level 6. HP: 19/57 MP: 7/7
  2986 | D:3      | Found a broken altar of Ashenzari.
  3651 | D:3      | Reached XP level 7. HP: 44/63 MP: 8/8
  4192 | D:4      | Reached skill level 1 in Throwing
  4207 | D:5      | Entered Level 5 of the Dungeon
  4601 | D:4      | Found a staircase to the Ecumenical Temple.
  4896 | D:5      | Found Wakiall's Weapon Emporium.
  5369 | D:5      | Reached skill level 1 in Shields
  5487 | D:5      | Reached skill level 2 in Shields
  5538 | D:5      | Reached skill level 3 in Shields
  5538 | D:5      | Reached XP level 8. HP: 55/70 MP: 6/9
  5918 | D:5      | Reached skill level 4 in Shields
  5953 | D:5      | Reached skill level 5 in Armour
  6110 | D:6      | Found Foasakaj's Armour Shoppe.
  6494 | D:6      | Reached skill level 5 in Shields
  7038 | D:7      | Noticed Harold
  7053 | D:7      | Killed Harold
  7054 | D:7      | Reached skill level 6 in Shields
  7054 | D:7      | Reached skill level 5 in Throwing
  7054 | D:7      | Reached XP level 9. HP: 50/79 MP: 6/10
  7079 | D:7      | Reached skill level 5 in Long Blades
  7654 | D:7      | Reached skill level 5 in Invocations
  8176 | D:8      | Noticed a two-headed ogre
  9109 | D:8      | Identified 2 scrolls of acquirement
  9134 | D:8      | Killed a two-headed ogre
  9135 | D:8      | Reached XP level 10. HP: 78/91 MP: 10/12
  9250 | D:8      | Acquired the amulet "Ohoepn" {Acrobat Int+5 Slay+2}
  9260 | D:8      | Acquired a manual of Throwing
  9318 | D:8      | Reached skill level 1 in Evocations
  9350 | D:8      | Noticed a two-headed ogre
  9372 | D:8      | Killed a two-headed ogre
  9994 | D:9      | Found a staircase to the Orcish Mines.
 10368 | D:9      | Identified the +3 robe "Ykhlumia" {Fly Str+3 Dex+2 Slay+4}
 10375 | D:9      | Reached **** piety under Yredelemnul
 10466 | D:9      | Found a shimmering altar of Xom.
 10652 | D:10     | Entered Level 10 of the Dungeon
 11067 | D:10     | Reached skill level 10 in Throwing
 11075 | D:10     | Found a staircase to the Lair.
 11110 | D:10     | Reached XP level 11. HP: 92/97 MP: 14/14
 11238 | D:10     | Found a transporter.
 11248 | D:10     | Found a bloodstained altar of Trog.
 11256 | D:10     | Noticed a deep troll
 11257 | D:10     | Noticed ytrimaz's ghost (journeyman OpTm)
 11259 | D:10     | Noticed a two-headed ogre
 11478 | D:10     | Reached skill level 10 in Fighting
 11535 | D:10     | Reached skill level 7 in Shields
 11898 | D:10     | Noticed a tengu warrior
 11898 | D:10     | Noticed a centaur warrior
 12336 | D:10     | Reached skill level 10 in Armour
 12827 | Lair:1   | Entered Level 1 of the Lair of Beasts
 13436 | Lair:1   | Identified the amulet of Ximulop {Reflect Regen+ SH+5}
 13681 | Lair:1   | Noticed a five-headed hydra
 13692 | Lair:1   | Killed a five-headed hydra
 13693 | Lair:1   | Reached skill level 5 in Stealth
 13700 | Lair:1   | Reached XP level 12. HP: 106/110 MP: 14/16
 13702 | Lair:1   | Reached ***** piety under Yredelemnul
 14324 | Lair:2   | Noticed a seven-headed hydra
 14334 | Lair:2   | Killed a seven-headed hydra
 14335 | Lair:2   | Reached skill level 5 in Staves
 14559 | Lair:2   | Reached skill level 5 in Evocations
 14569 | Lair:2   | Noticed a four-headed hydra
 14582 | Lair:2   | Killed a four-headed hydra
 14745 | Lair:2   | Noticed a death yak
 14747 | Lair:2   | Noticed a death yak
 14748 | Lair:2   | Noticed a death yak
 14748 | Lair:2   | Noticed a death yak
 14755 | Lair:2   | Killed a death yak
 14756 | Lair:2   | Killed a death yak
 14757 | Lair:2   | Reached ****** piety under Yredelemnul
 14767 | Lair:2   | Killed a death yak
 14769 | Lair:2   | Killed a death yak
 14994 | Lair:3   | Noticed a four-headed hydra
 15426 | Lair:3   | Identified the +5 hunting sling of Xolaelic {venom, Will+
                  | Str-3 Dex+4}
 15475 | Lair:3   | Found a staircase to the Swamp.
 15539 | Lair:3   | Noticed a death yak
 15560 | Lair:3   | Killed a four-headed hydra
 15564 | Lair:3   | Reached XP level 13. HP: 99/118 MP: 18/18
 15899 | Lair:3   | Gained mutation: You are robust. (+10% HP) [potion of
                  | mutation]
 15899 | Lair:3   | Gained mutation: Your muscles are strong. (Str +2) [potion
                  | of mutation]
 16097 | Lair:4   | Reached skill level 8 in Shields
 16282 | Lair:4   | Acquired a manual of Shields
 16474 | Lair:4   | Found a hole to the Spider Nest.
 16906 | Lair:5   | Reached skill level 9 in Shields
 17009 | Lair:5   | Found a staircase to the Slime Pits.
 17009 | Lair:5   | Found a viscous altar of Jiyva.
 17026 | Lair:5   | Reached skill level 10 in Shields
 17214 | Lair:5   | Reached skill level 11 in Shields
 17560 | Lair:6   | Entered Level 6 of the Lair of Beasts
 18031 | Lair:6   | Reached skill level 12 in Shields
 18057 | Lair:6   | Reached skill level 13 in Shields
 18078 | Lair:6   | Reached skill level 14 in Shields
 18210 | Lair:6   | Reached XP level 14. HP: 123/143 MP: 19/19
 18236 | Lair:6   | Reached skill level 1 in Maces & Flails
 19123 | Lair:6   | Found a burning altar of Makhleb.
 19362 | Lair:6   | Reached skill level 15 in Shields
 19413 | Lair:6   | Found a gateway to Hell.
 19760 | Orc:1    | Entered Level 1 of the Orcish Mines
 20113 | Orc:2    | Entered Level 2 of the Orcish Mines
 20384 | Orc:1    | Reached skill level 16 in Shields
 20616 | D:5      | Bought the +3 rapier "Favugh" {venom, rPois Str+3 Int+4}
                  | for 639 gold pieces
 20751 | Orc:1    | Reached skill level 1 in Short Blades
 21011 | Orc:2    | Found a staircase to the Elven Halls.
 21076 | Orc:2    | Found Ucetoam's Jewellery Shop.
 21076 | Orc:2    | Found Ycilihoxt's Jewellery Shop.
 21159 | Orc:1    | Lost mutation: You are robust. (+10% HP) [a neqoxec]
 21176 | Orc:1    | Gained mutation: Armour fits poorly on your strangely
                  | shaped body. [a neqoxec]
 21293 | Orc:1    | Noticed an orc warlord
 21305 | Orc:1    | Paralysed by an orc sorcerer for 7 turns
 21314 | Orc:2    | Found Noafafitom's Distillery.
 21352 | Orc:2    | Bought 2 potions of heal wounds for 140 gold pieces
 21352 | Orc:2    | Bought a potion of curing for 42 gold pieces
 21352 | Orc:2    | Bought a potion of degeneration for 14 gold pieces
 21352 | Orc:2    | Bought a potion of lignification for 42 gold pieces
 21358 | Orc:2    | Found Isomupoxt's General Store.
 21399 | Orc:2    | Bought the ring "Onogu" {rPois rC+ rN+ Str+4 Dex-4 Stlth+}
                  | for 656 gold pieces
 21403 | Orc:2    | Found Xuoheat's Book Boutique.
 21407 | Orc:2    | Bought a scroll of identify for 32 gold pieces
 21407 | Orc:2    | Bought a throwing net for 48 gold pieces
 21560 | Orc:2    | Reached XP level 15. HP: 123/138 MP: 20/20
 21676 | Orc:2    | Reached skill level 5 in Short Blades
 21691 | Orc:2    | Paralysed by something for 3 turns
 22005 | Orc:2    | Killed an orc warlord
 22094 | Orc:1    | Paralysed by an orc sorcerer for 2 turns
 22475 | Spider:1 | Entered Level 1 of the Spider Nest
 22896 | Spider:1 | Reached skill level 10 in Evocations
 23229 | Spider:1 | Acquired 678 gold pieces
 23620 | Spider:2 | Got the Handbook of the Teacher
 24058 | Spider:2 | Reached skill level 17 in Shields
 24707 | Spider:2 | You fall into a shaft and drop 1 floor!
 24717 | Spider:3 | Reached skill level 18 in Shields
 25425 | Spider:3 | Reached skill level 15 in Fighting
 25698 | Spider:3 | Reached XP level 16. HP: 148/149 MP: 21/21
 26078 | Spider:4 | Entered Level 4 of the Spider Nest
 26645 | Spider:4 | Noticed Bai Suzhen
 26689 | Spider:4 | Killed Bai Suzhen
 26690 | Spider:4 | Reached skill level 10 in Invocations
 27388 | Swamp:1  | Entered Level 1 of the Swamp
 27872 | Swamp:1  | Found a runed translucent door.
 27874 | Swamp:1  | Noticed Kystohoc's ghost (journeyman GnFE)
 27875 | Swamp:1  | Identified the +5 trident of Kesud {freeze, rF+ Int+2
                  | Dex-2}
 27875 | Swamp:1  | Noticed a thorn hunter
 27994 | Swamp:1  | Killed Kystohoc's ghost
 27999 | Swamp:1  | Killed a thorn hunter
 28565 | Swamp:2  | Acquired 543 gold pieces
 28567 | Swamp:2  | Acquired a +1 hat of willpower
 29503 | Swamp:4  | Entered Level 4 of the Swamp
 29876 | Swamp:4  | Reached XP level 17. HP: 118/160 MP: 24/24
 30566 | Swamp:4  | Got a decaying rune of Zot
 30837 | Spider:4 | Reached skill level 1 in Unarmed Combat
 31744 | Spider:4 | Reached skill level 10 in Short Blades
 31870 | Spider:4 | Got a gossamer rune of Zot
 32031 | Slime:1  | Entered Level 1 of the Pits of Slime
 32055 | Slime:1  | Gained mutation: You sometimes lose the ability to read
                  | scrolls when taking damage. [a shining eye]
 32057 | Slime:1  | Gained mutation: Your magical capacity is low. (-10% MP) [a
                  | shining eye]
 32314 | Slime:1  | Splashed with acid

Illustrated notes

Levels and vault maps discovered:
D:1:      beargit_arrival_greenhouse, layout_basic, chequers_decorated_corner
D:2:      layout_basic, ebering_ecumenical_altar_box, basic_altar,
          uniq_crazy_yiuf_cottage, uniq_robin, uniq_terence
D:3:      layout_basic, mainiacjoe_overflow_surrounded_room,
          chequers_temple_overflow_statue_of_worship, uniq_grinder
D:4:      layout_cave_pools, temple_pool_b
D:5:      layout_basic, serial_shops, nicolae_shop_bloodbath_and_beyond
D:6:      layout_cave_pods, serial_shops, nicolae_square_shop,
          chequers_serial_rivers_room_a
D:7:      layout_basic, grunt_decor_cap, skrybe_limestone_x,
          minmay_statues_item, uniq_harold
D:8:      layout_loops_cross
D:9:      layout_rooms, xom_butterflies
D:10:     layout_stronghold, minmay_lair_entry_grove,
          gammafunk_ghost_wrathful_warriors,
          nicolae_concentric_dashed_squares_mild, minmay_bent
Lair:1:   layout_regular_city, gauntlet_entry_generic
Lair:2:   layout_hall_layers, minivault_24
Lair:3:   layout_big_grid, skrybe_swamp_entry_bodies, lemuel_fruit_fields,
          grunt_megastairs_4
Lair:4:   layout_gridlike, spider_nest_entry_rubble, serial_bayou_crossing
Lair:5:   layout_regular_city, slime_altar_1
Lair:6:   evil_forest, layout_gridlike, nicolae_volcano_entry_two_sided, pond,
          grunt_megastairs_3, lemuel_fruit_tree
Swamp:1:  layout_falls_marsh, ebering_ghost_funeral_grove, serial_swamp_ruin,
          evilmike_swamp_ruin_wall, evilmike_swamp_ruin_house_1, swamp_pool3
Swamp:2:  layout_basic_swamp, nicolae_swamp_treefoil, swamp_pool3
Swamp:3:  layout_basic_swamp, hangedman_swamp_ruin_wall
Swamp:4:  swamp_icy, layout_basic_swamp, swamp_pool4, ldierk_geyser
Spider:1: layout_spider_delve, hangedman_spider_tarantella_strand
Spider:2: layout_chambers, nicolae_spider_scorpion_nest
Spider:3: layout_spider_delve, drop_trap
Spider:4: grunt_spider_rune_circles, nicolae_spider_nooks_and_crannies,
          uniq_bai_suzhen
Slime:1:  layout_caves
Slime:2:  layout_caves, nicolae_slime_welcoming_committee, uniq_dissolution
Orc:1:    layout_caves, portal_ice_cave_rime
Orc:2:    st_orc_open, layout_diamond_mine, serial_shops, shop

Skill      XL: |  1  2  3  4  5  6  7  8  9 10 11 12 13 14 15 16 17 |
---------------+----------------------------------------------------+-----
Fighting       | 4 5 6 7 9 11 12 13 14 15 16 17 | 17.0
Long Blades    | 4 5 7 |  7.4
Armour         | 2 3 4 7 8 9 10 11 12 14 | 14.0
Invocations    | 2 3 5 6 7 8 9 11 | 11.0
Staves         | 3 4 6 |  6.0
Stealth        | 2 3 5 6 7 |  7.0
Throwing       | 3 5 6 10 12 13 14 | 14.0
Shields        | 3 6 7 14 16 18 | 18.0
Evocations     | 4 7 8 11 12 | 12.0
Maces & Flails | 3 |  3.1
Short Blades   | 4 6 7 10 | 10.7
Unarmed Combat | 3 |  3.0
Dodging        | |  3.2

Action                   |  1- 3 |  4- 6 |  7- 9 | 10-12 | 13-15 | 16-18 || total
-------------------------+-------+-------+-------+-------+-------+-------++-------
Melee: Falchion          |    71 |    21 |       |       |       |       ||    92
       Headbutt          |     8 |    11 |    40 |    86 |   277 |   215 ||   637
       Quarterstaff      |       |    63 |   166 |   401 |   186 |       ||   816
       Flail             |       |       |       |       |   359 |       ||   359
       Scimitar          |       |       |       |       |   108 |       ||   108
       Rapier            |       |       |       |       |   467 |   740 ||  1207
Throw: Dart              |       |       |    13 |    43 |   125 |    87 ||   268
       Boomerang         |       |       |       |       |     1 |       ||     1
       Throwing net      |       |       |       |       |     1 |       ||     1
       Javelin           |       |       |       |       |       |     5 ||     5
Invok: Recall Undead Har |       |     1 |       |     1 |     2 |       ||     4
       Dark Bargain      |       |       |       |       |     1 |       ||     1
Evoke: Wand              |       |       |     2 |    10 |    41 |    32 ||    85
       Tin of tremorston |       |       |       |     2 |     6 |     5 ||    13
       Phantom mirror    |       |       |       |     1 |     5 |     7 ||    13
       Condenser vane    |       |       |       |       |       |     2 ||     2
       Lightning rod     |       |       |       |       |       |     8 ||     8
  Use: Potion            |       |     2 |       |       |    13 |     4 ||    19
       Scroll            |       |       |     6 |    21 |    17 |    10 ||    54
 Stab: Sleeping          |     1 |       |       |       |       |       ||     1
       Distracted        |       |     1 |     1 |     3 |     8 |     2 ||    15
       Paralysed         |       |       |       |     3 |       |       ||     3
       Confused          |       |       |       |     1 |     1 |       ||     2
       Petrified         |       |       |       |     1 |       |       ||     1
       Invisible         |       |       |       |       |     3 |       ||     3
       Held in net/web   |       |       |       |       |     1 |       ||     1
Armor: Robe              |    13 |       |       |       |       |       ||    13
       Ring mail         |       |     5 |       |       |       |       ||     5
       Scale mail        |       |    40 |    36 |       |       |       ||    76
       Skin              |       |     5 |       |       |    44 |       ||    49
       Chain mail        |       |       |    44 |   423 |   828 |   461 ||  1756
Dodge: Dodged            |    53 |    56 |    86 |   235 |   402 |   182 ||  1014
Block: Other             |       |       |       |    38 |    57 |       ||    95
       Tower shield      |       |       |       |       |  1688 |  1073 ||  2761
       Reflection        |       |       |       |       |    10 |     9 ||    19

Table legend: (Time is in decaauts)
 A = Elapsed time spent in this place.
 B = Non-inter-level travel time spent in this place.
 C = Inter-level travel time spent in this place.
 D = Time resting spent in this place.
 E = Time spent auto-exploring this place.
 F = Levels seen in this place.
 G = Mean time per level.
                   A        B        C        D        E       F      G
               +--------+--------+--------+--------+--------+-----+--------+
         Total |  32811 |  30428 |   2383 |   2834 |  19715 |  28 | 1171.8 |
       Dungeon |  13249 |  12402 |    847 |   2019 |   8431 |  10 | 1324.9 |
          Lair |   7305 |   6600 |    705 |    147 |   4172 |   6 | 1217.5 |
         Swamp |   3541 |   3334 |    207 |     77 |   2415 |   4 |  885.2 |
   Spider Nest |   6027 |   5716 |    311 |    529 |   3575 |   4 | 1506.8 |
    Slime Pits |    275 |    259 |     16 |      0 |    171 |   2 |  137.5 |
  Orcish Mines |   2412 |   2118 |    294 |     62 |    950 |   2 | 1206.0 |
               +--------+--------+--------+--------+--------+-----+--------+

Top non-repeatable levels by time:
Spider:4: 2174 daAuts
  Lair:6: 1970 daAuts
     D:7: 1813 daAuts
Spider:2: 1764 daAuts
     D:3: 1607 daAuts
     D:5: 1582 daAuts
    D:10: 1551 daAuts
     D:9: 1512 daAuts
  Lair:1: 1481 daAuts
     D:2: 1420 daAuts
   Orc:1: 1240 daAuts
 Swamp:4: 1226 daAuts
     D:8: 1220 daAuts
   Orc:2: 1172 daAuts
  Lair:2: 1158 daAuts
